 Dungeon Crawl Stone Soup version 0.19-a0-1071-g4ed3155 (webtiles) character file.

4952 Gagarin the Covert (level 10, -7/82 HPs)
             Began as a Kobold Enchanter on Aug 5, 2016.
             Was a Believer of Sif Muna.
             Mangled by Snorg (10 damage)
             ... on level 9 of the Dungeon.
             The game lasted 00:55:20 (13798 turns).

Gagarin the Covert (Kobold Enchanter)              Turns: 13798, Time: 00:55:21

Health: -7/82      AC:  5    Str: 11    XL:     10   Next: 82%
Magic:  19/19      EV: 20    Int: 16    God:    Sif Muna [**....]
Gold:   355        SH:  0    Dex: 18    Spells: 6 memorised, 7 levels left

rFire  . . .     SeeInvis .     a - +1 dagger
rCold  . . .     Gourm    .     b - +1 robe
rNeg   . . .     Faith    .     (shield restricted)
rPois  .         Spirit   .     (no helmet)
rElec  .         Dismiss  .     R - +0 cloak
rCorr  .         Reflect  .     L - +0 pair of gloves
SustAt .         Harm     .     (no boots)
MR     .....                    q - amulet of rage
Stlth  ..........               (no ring)
                                r - ring of flight

@: berserking, repel missiles, very quick
A: carnivore 3
a: Divine Energy, Renounce Religion, Evoke Berserk Rage, Evoke Flight


You were on level 9 of the Dungeon.
You worshipped Sif Muna.
Sif Muna was pleased with you.
You were very full.

You visited 1 branch of the dungeon, and saw 10 of its levels.
You also visited: Ossuary.

You collected 355 gold pieces.

Inventory:

Hand Weapons
 a - a +1 dagger (weapon)
 f - a +0 hunting sling
 M - a +0 rapier
Missiles
 Q - 5 poisoned tomahawks (quivered)
 V - 64 sling bullets
Armour
 b - a +1 robe (worn)
 L - a +0 pair of gloves (worn)
 R - a +0 cloak (worn)
Magical Staves
 C - an uncursed staff of conjuration
Rods
 B - a +1 rod of shadows (1/12)
   (You found it on level 5 of the Dungeon)
Jewellery
 q - an amulet of rage (around neck)
 r - a ring of flight (left hand)
 N - an uncursed amulet of magic regeneration
 S - an uncursed ring of ice
 U - an uncursed ring of fire {unknown}
Wands
 g - a wand of slowing (25/48)
 x - a wand of confusion (27/48)
 z - a wand of digging (13/24)
 T - a wand of iceblast (4/15)
Scrolls
 e - 4 scrolls of identify
 h - 4 scrolls of noise
 k - 5 scrolls of amnesia
 l - a scroll of enchant weapon {unknown}
 m - 2 scrolls of fear {unknown}
 n - 2 scrolls of magic mapping {unknown}
 s - a scroll of blinking {unknown}
 t - a scroll of vulnerability {unknown}
 v - 2 scrolls of remove curse
 w - a scroll of immolation {unknown}
 y - a scroll of acquirement {unknown}
 F - 2 scrolls of teleportation {unknown}
 H - 3 scrolls of recharging {unknown}
 K - 2 scrolls of enchant armour {unknown}
Potions
 i - 4 potions of might
 o - 2 potions of brilliance
 p - a potion of cancellation {unknown}
 u - 3 potions of flight
 A - a potion of curing
 E - 4 potions of lignification
 G - 3 potions of mutation {unknown}
 I - 2 potions of cure mutation
 O - a potion of agility {unknown}
 P - a potion of heal wounds
 X - 2 potions of ambrosia {unknown}
Books
 c - a book of Maledictions

   Spells                             Type                      Level
   a - Corona                         Hexes                        1
   b - Ensorcelled Hibernation        Hexes/Ice                    2
   c - Confuse                        Hexes                        3
   d - Tukima's Dance                 Hexes                        3
   e - Dazzling Spray                 Conjuration/Hexes            3
 W - a book of Air

   Spells                             Type                      Level
   a - Shock                          Conjuration/Air              1
   b - Swiftness                      Charms/Air                   2
   c - Repel Missiles                 Charms/Air                   2
   d - Static Discharge               Conjuration/Air              3
   e - Lightning Bolt                 Conjuration/Air              5
Comestibles
 d - 4 meat rations
 j - 11 beef jerkies
 D - a royal jelly
 J - a slice of pizza
 Y - 6 chunks of flesh


   Skills:
 + Level 2.8 Fighting
 + Level 4.6 Short Blades
 + Level 2.9 Slings
 + Level 7.3 Dodging
 + Level 11.7 Stealth
 + Level 6.0 Spellcasting
 + Level 6.7 Hexes
 + Level 4.8 Ice Magic
 + Level 2.6 Evocations


You had 7 spell levels left.
You knew the following spells:

 Your Spells              Type           Power        Failure   Level  Hunger
a - Corona                Hex            ####...      1%          1    None
b - Ensorcelled Hibernat  Hex/Ice        ###...       1%          2    #......
c - Confuse               Hex            ####....     2%          3    ##.....
d - Tukima's Dance        Hex            ####....     2%          3    ##.....
e - Dazzling Spray        Conj/Hex       ###...       12%         3    ##.....
f - Repel Missiles        Chrm/Air       #.....       21%         2    #......


Dungeon Overview and Level Annotations

Branches:
Dungeon (10/15)            Temple (0/1) D:6             Orc (0/2) D:10
   Lair: D:8-11

Altars:
Dithmenos
Elyvilon
Fedhas
Kikubaaqudgha
Nemelex Xobeh
Okawaru
Pakellas
Ru
Sif Muna
Uskayaw
Xom

Shops:
D:5 %   D:8 }%*   D:10 [

Annotations:
D:3 Grinder, Sigmund
D:9 Snorg


Innate Abilities, Weirdness & Mutations

You are small and have problems with some larger weapons.
You are carnivorous and can eat meat at any time.


Message History

* * * LOW HITPOINT WARNING * * *
Snorg misses you. x2
You closely miss Snorg.
Snorg is lightly wounded.
You closely miss Snorg.
Snorg is lightly wounded.
Snorg completely misses you. Snorg closely misses you. Snorg misses you.
You hit Snorg.
Snorg is lightly wounded.
Snorg barely misses you. Snorg claws you.
* * * LOW HITPOINT WARNING * * *
Snorg completely misses you.
You hit Snorg.
Snorg is lightly wounded.
You puncture Snorg!
Snorg is moderately wounded.
Snorg bites you!!
* * * LOW HITPOINT WARNING * * *
Snorg claws you!
You die...

#.# #.# ###'.#####.........
#.######.######.('...............
..............#(.#.............>.
##########.########..............
# #># #................. # #.#
#................. # #.#
#...W............. # #.#
#.T.......#######. #
#.#####@#######.# #.
##########.......# #.# #.
...........#####.# #.# #.
##########.# #.# #.# #. # #.# #.#
#.# #. # #.# #.# #.# #. # #.# #.#
#.# #. # #.# #.#######.#######. #
#.# #.................


You could see Snorg (berserk) and a friendly phantom.

Vanquished Creatures
  A wraith (Ossuary)
  5 yaks (D:8)
  A hungry ghost (D:10)
  Duvessa (D:5)
  2 black bears
  A sky beast (D:6)
  An orc warrior (D:8)
  4 ogres
  7 centaurs
  3 giant frogs
  A gnoll sergeant (D:8)
  Dowan (D:5)
  A water moccasin zombie (D:7)
  3 scorpions
  A wyvern skeleton (D:8)
  9 killer bees (D:9)
  6 howler monkeys
  3 crimson imps
  2 jellies
  A centaur skeleton (D:7)
  5 hounds
  Crazy Yiuf (D:6)
  4 giant frog skeletons
  Jessica (D:3)
  Terence (D:3)
  3 iguanas
  4 orc wizards
  6 worker ants
  A hound skeleton (D:6)
  A mummy (Ossuary)
  2 worker ant zombies
  3 gnolls (D:8)
  11 adders
  2 shadow imps
  An ooze (D:5)
  An adder skeleton (D:4)
  3 worms (D:2)
  2 dart slugs
  7 giant geckos
  21 orcs
  3 giant cockroaches
  14 goblins
  7 hobgoblins
  8 jackals
  6 quokkas
  8 bats
  7 giant newts
  6 gnoll skeletons (Ossuary)
  A jackal zombie (D:6)
  8 kobolds
  4 kobold skeletons (Ossuary)
  15 orc skeletons (Ossuary)
  A quokka skeleton (D:8)
  A quokka zombie (D:5)
  4 rats
  2 fungi (D:6)
229 creatures vanquished.

Vanquished Creatures (collateral kills)
  A yak (D:8)
  A phantom (D:9)
  3 wights (D:6)
  A spectral centaur (D:9)
  A crimson imp (D:6)
  A giant frog zombie (D:9)
  2 giant frog skeletons (D:9)
  2 gnolls (D:8)
  A shadow imp (D:6)
  3 orcs (D:7)
16 creatures vanquished.

Vanquished Creatures (others)
  A centaur zombie (D:7)
1 creature vanquished.

Grand Total: 246 creatures vanquished

Notes
Turn   | Place    | Note
-------+----------+-------------------------------------------
     0 | D:1      | Gagarin the Kobold Enchanter began the quest for the Orb.
     0 | D:1      | Reached XP level 1. HP: 10/10 MP: 3/3
   169 | D:1      | Reached XP level 2. HP: 12/15 MP: 3/5
   254 | D:1      | Learned a level 2 spell: Ensorcelled Hibernation
   713 | D:1      | Reached XP level 3. HP: 19/19 MP: 1/6
  1007 | D:1      | Found a shimmering altar of Xom.
  1085 | D:1      | Learned a level 3 spell: Confuse
  1689 | D:2      | Found a faded altar of an unknown god.
  1698 | D:2      | Reached XP level 4. HP: 24/24 MP: 4/7
  2317 | D:2      | Found a sacrificial altar of Ru.
  2545 | D:3      | Reached skill level 5 in Stealth
  3011 | D:3      | Noticed Grinder
  3019 | D:3      | Reached XP level 5. HP: 28/28 MP: 0/8
  3318 | D:3      | Noticed Jessica
  3350 | D:2      | HP: 1/28 [howler monkey (7)]
  3352 | D:2      | Reached skill level 1 in Fighting
  3352 | D:2      | Reached skill level 1 in Ice Magic
  3429 | D:3      | Killed Jessica
  3572 | D:3      | Paralysed by Grinder for 5 turns
  3618 | D:2      | Reached XP level 6. HP: 31/34 MP: 5/10
  3738 | D:3      | Noticed Sigmund
  4057 | D:3      | Noticed Terence
  4160 | D:3      | Killed Terence
  4585 | D:4      | Found a shadowy altar of Dithmenos.
  4668 | D:4      | Reached skill level 6 in Stealth
  4956 | D:4      | Found a sand-covered staircase.
  4963 | Ossuary  | Entered an ossuary
  4963 | Ossuary  | Noticed a wraith
  4963 | Ossuary  | Noticed a wraith
  4963 | Ossuary  | Noticed a wraith
  5513 | Ossuary  | Noticed a wraith
  5548 | Ossuary  | Killed a wraith
  5548 | Ossuary  | Reached skill level 1 in Slings
  5548 | Ossuary  | Reached XP level 7. HP: 13/39 MP: 10/12
  6242 | D:5      | Entered Level 5 of the Dungeon
  6257 | D:5      | Reached skill level 1 in Evocations
  6848 | D:5      | Found Xugem's Food Emporium.
  6906 | D:5      | Reached XP level 8. HP: 44/44 MP: 12/14
  6976 | D:5      | Noticed Duvessa
  6989 | D:5      | Killed Duvessa
  7016 | D:5      | Noticed Dowan
  7348 | D:5      | Killed Dowan
  7672 | D:5      | Identified a +1 rod of shadows (12/12) (You found it on level 5 of the Dungeon)
  8257 | D:5      | Found a deep blue altar of Sif Muna.
  8269 | D:5      | Became a worshipper of Sif Muna the Loreminder
  8281 | D:5      | Learned a level 3 spell: Tukima's Dance
  8387 | D:6      | Reached skill level 7 in Stealth
  8427 | D:6      | Reached skill level 5 in Dodging
  8546 | D:6      | Reached skill level 5 in Hexes
  8962 | D:6      | Found a shimmering altar of Xom.
  8984 | D:6      | Reached XP level 9. HP: 38/48 MP: 12/15
  9476 | D:6      | Found a staircase to the Ecumenical Temple.
  9620 | D:6      | Found a runed door.
  9673 | D:6      | Reached skill level 8 in Stealth
  9713 | D:6      | Noticed Crazy Yiuf
  9717 | D:6      | Killed Crazy Yiuf
 10112 | D:7      | Reached skill level 9 in Stealth
 10870 | D:7      | Reached * piety under Sif Muna
 11213 | D:8      | Reached skill level 5 in Spellcasting
 11223 | D:8      | Learned a level 3 spell: Dazzling Spray
 11226 | D:8      | Found a hide-covered altar of Uskayaw.
 11226 | D:8      | Found a blossoming altar of Fedhas.
 11226 | D:8      | Found an oddly glowing altar of Pakellas.
 11279 | D:8      | Found Lunnoto's Assorted Antiques.
 11559 | D:8      | Found Puwiuric's Food Emporium.
 11562 | D:8      | Found Vekix's Gadget Emporium.
 11577 | D:8      | Found a sparkling altar of Nemelex Xobeh.
 11589 | D:8      | Reached XP level 10. HP: 54/54 MP: 10/17
 11592 | D:8      | Reached skill level 10 in Stealth
 11769 | D:8      | Found an ancient bone altar of Kikubaaqudgha.
 11944 | D:8      | Found a white marble altar of Elyvilon.
 12708 | D:9      | Reached skill level 11 in Stealth
 13101 | D:9      | Reached ** piety under Sif Muna
 13231 | D:9      | Found an iron altar of Okawaru.
 13272 | D:9      | Learned a level 2 spell: Repel Missiles
 13613 | D:10     | Entered Level 10 of the Dungeon
 13735 | D:10     | Found a staircase to the Orcish Mines.
 13740 | D:10     | Found Sesiop's Armour Emporium.
 13777 | D:10     | Noticed Snorg
 13798 | D:9      | HP: 3/82 [Snorg (20)]
 13798 | D:9      | Mangled by Snorg

Vault maps used:
D:1:      dpeg_arrival_stone_temple_mockup, st_stairs_1, xom_teletrap_fun
D:2:      old_standard_altar, ecumenical_altar_1, minmay_misc_feat_four_crosses
D:3:      nicolae_overflow_hidden_temple, first_bread, uniq_jessica,
          uniq_sigmund, uniq_grinder, uniq_terence
D:4:      grunt_dithmenos_smoke, marbit_many_paths, chequers_ossuary_entry_cave
D:5:      tgw_sif, serial_shops, shop, uniq_duvessa
D:6:      lemuel_crystal_altar, uniq_crazy_yiuf_cottage
D:7:      wad_crossroads, grunt_ogre_cave
D:8:      old_standard_altar, lemuel_round_altar, lemuel_round_altar,
          gammafunk_temple_overflow_claw, serial_shops, shop, shop, shop
D:9:      lemuel_crystal_altar, hangedman_weighted_door
D:10:     orc_david_3, uniq_urug, uniq_nergalle, uniq_snorg
Ossuary:  ossuary_due_mausoleum

Skill      XL: |  1  2  3  4  5  6  7  8  9 10 |
---------------+-------------------------------+-----
Dodging        | 3 4 5 6 7 |  7.3
Stealth        | 5 6 7 9 11 | 11.7
Fighting       | 1 2 |  2.8
Ice Magic      | 1 2 3 4 |  4.8
Spellcasting   | 3 4 5 6 |  6.0
Short Blades   | 2 3 4 |  4.6
Slings         | 1 2 |  2.9
Hexes          | 4 5 6 |  6.7
Evocations     | 1 2 |  2.6

Action                   |  1- 3 |  4- 6 |  7- 9 | 10-12 || total
-------------------------+-------+-------+-------+-------++-------
Melee: Dagger            |    72 |   220 |   454 |   104 ||   850
 Fire: Hunting sling     |     5 |    43 |    21 |     2 ||    71
 Cast: Corona            |    12 |    22 |    43 |     9 ||    86
       Ensorcelled Hiber |    14 |    81 |    66 |    30 ||   191
       Confuse           |       |       |     1 |     1 ||     2
       Repel Missiles    |       |       |       |     1 ||     1
 Abil: Evoke Berserk Rag |       |     2 |     5 |     1 ||     8
Evoke: Rod               |       |       |    12 |     9 ||    21
  Use: Potion            |       |     2 |     1 |     2 ||     5
       Scroll            |       |       |     8 |     6 ||    14
 Stab: Sleeping          |    14 |    53 |    49 |    37 ||   153
       Distracted        |       |       |     1 |     1 ||     2
       Confused          |       |       |     1 |     1 ||     2
  Eat: Chunk             |    12 |    18 |    25 |    10 ||    65
       Meat ration       |       |       |     1 |       ||     1
Armor: Robe              |    10 |    41 |    49 |    11 ||   111
Dodge: Dodged            |    44 |   189 |   305 |    84 ||   622
